 Dungeon Crawl Stone Soup version 0.30-a0-793-g160f7cfddd (webtiles) character file.

Game seed: 15931029836206146490

1029 Farfigtubin the Covert (level 8, 0/49 HPs)
             Began as a Kobold Brigand on Feb 20, 2023.
             Slain by an adder (1 damage)
             ... on level 5 of the Dungeon.
             The game lasted 00:20:46 (2592 turns).

Farfigtubin the Covert (Kobold Brigand)             Turns: 2592, Time: 00:20:47

Health: 0/49       AC:  3    Str:  8    XL:     8   Next: 47%
Magic:  8/8        EV: 14    Int: 12    God:
Gold:   354        SH:  0    Dex: 19    Spells: 7/7 levels left

rFire   . . .      SeeInvis .    g - +2 dagger (venom)
rCold   . . .      Faith    .    (no shield)
rNeg    . . .      Spirit   .    b - +0 robe
rPois   .          Reflect  .    (no helmet)
rElec   .          Harm     .    c - +0 cloak
rCorr   .          Rampage  .    (no gloves)
Will    .....                    (no boots)
Stlth   ++++++                   (no amulet)
HPRegen 0.28/turn                (no ring)
MPRegen 0.11/turn                (no ring)

@: lethally poisoned (0 -> -1)
A: small, no large weapons, nightstalker 3
a: no special abilities


You were on level 5 of the Dungeon.
You visited 1 branch of the dungeon, and saw 7 of its levels.

You collected 354 gold pieces.

Inventory:

Hand Weapons
 a - a +2 dagger
 g - a +2 dagger of venom (weapon)
Missiles
 d - 15 poisoned darts
 e - 3 curare-tipped darts (quivered)
 f - 28 stones
Armour
 b - a +0 robe (worn)
 c - a +0 cloak (worn)
Scrolls
 i - 6 scrolls of identify {unknown}
 k - 3 scrolls of noise {unknown}
 l - 2 scrolls of teleportation {unknown}
 q - a scroll of magic mapping {unknown}
 s - a scroll of enchant weapon {unknown}
 u - a scroll of immolation {unknown}
Potions
 h - 3 potions of attraction {unknown}
 j - 2 potions of berserk rage {unknown}
 m - a potion of might {unknown}
 n - 2 potions of heal wounds {unknown}
 o - 2 potions of curing {unknown}
 p - a potion of experience {unknown}
 r - a potion of degeneration {unknown}
 t - 2 potions of brilliance {unknown}


   Skills:
 + Level 5.2 Fighting
 * Level 7.0 Short Blades
 - Level 2.1 Throwing
 - Level 1.2 Dodging
 + Level 9.8 Stealth
 + Level 2.6 Transmutations


You had 7 spell levels left.
You didn't know any spells.
Your spell library contained the following spells:

 Spells                   Type           Power      Damage    Failure   Level
 Beastly Appendage        Tmut           12%        N/A       12%         1
 Wereblood                Tmut           6%         N/A       17%         2
 Spider Form              Tmut/Pois      3%         N/A       52%         3
 Summon Guardian Golem    Hex/Summ       0%         N/A       69%         3
 Conjure Ball Lightning   Conj/Air       0%         3x3d6     100%        6
 Orb of Destruction       Conj           0%         9d5       100%        7
 Spellforged Servitor     Conj/Summ      0%         N/A       100%        7
 Discord                  Hex            0%         N/A       100%        8
 Disjunction              Tloc           0%         N/A       100%        8


Dungeon Overview and Level Annotations

Branches:
Dungeon (7/15)
 Temple: D:4-7

Altars:


Innate Abilities, Weirdness & Mutations

You are small and have problems with some larger weapons.
You are completely attuned to the shadows.


Message History

The orc barely misses you. The orc barely misses you.
An orc comes into view. It is wielding a +0 club.
The adder barely misses you. The quokka barely misses you.
The orc attacks as you move away! The orc closely misses you.
The adder attacks as you move away! The adder bites you.
* * * LOW HITPOINT WARNING * * *
The adder misses you.
An adder comes into view.
The adder attacks as you move away! The adder misses you.
The adder barely misses you. The adder attacks as you move away!
The adder bites you.
* * * LOW HITPOINT WARNING * * *
You are poisoned.
The adder poisons you! The orc attacks as you move away!
The orc barely misses you. The phantom attacks as you move away!
The phantom barely misses you.
* * * LOW HITPOINT WARNING * * *
You feel sick. The adder closely misses you. The adder misses you.
The orc attacks as you move away! The orc hits you but does no damage.
* * * LOW HITPOINT WARNING * * *
You feel sick. The orc attacks as you move away!
The orc hits you with a +0 short sword.
* * * LOW HITPOINT WARNING * * *
The phantom attacks as you move away! The phantom barely misses you.
The adder attacks as you move away! The adder closely misses you.
* * * LOW HITPOINT WARNING * * *
You feel sick. The adder barely misses you.
* * * LOW HITPOINT WARNING * * *
You feel sick. The adder closely misses you.
The adder attacks as you move away! The adder barely misses you.
The phantom attacks as you move away! The phantom completely misses you.
* * * LOW HITPOINT WARNING * * *
You feel sick. The phantom attacks as you move away!
The phantom hits you but does no damage.
* * * LOW HITPOINT WARNING * * *
You feel sick. The adder barely misses you. The adder completely misses you.
The adder attacks as you move away! The adder bites you.
You die...

### #.## ###..#
#.WS.#####
#@Soor...#
#...#S.h.r..#
#.....#s....# #.
#.....#.....# #...
#.....#.....##....
.............. ...
..........##..
####...
.............. .
#.....{
.......o...# ..


You could see a phantom, a scorpion, a hound, 3 adders, 2 orcs and a quokka.

Vanquished Creatures
  A troll (D:7)
  A sky beast (D:7)
  2 ogres
  A scorpion (D:6)
  3 killer bees (D:7)
  A jelly (D:6)
  4 hounds
  A gnoll bouda (D:7)
  Jessica (D:3)
  3 iguanas (D:7)
  4 gnolls (D:7)
  A shadow imp (D:5)
  A white imp (D:7)
  An ufetubus (D:6)
  A worm (D:2)
  2 endoplasms
  3 goblins
  3 hobgoblins
  6 jackals
  A kobold (D:2)
  2 quokkas
43 creatures vanquished.

Vanquished Creatures (others)
  12 fungi (D:7)
  7 plants (D:3)
  3 toadstools (D:7)
22 creatures vanquished.

Grand Total: 65 creatures vanquished

Notes
Turn   | Place    | Note
-------+----------+-------------------------------------------
     0 | D:1      | Farfigtubin the Kobold Brigand began the quest for the Orb.
     0 | D:1      | Reached XP level 1. HP: 12/12 MP: 1/1
   123 | D:2      | Reached XP level 2. HP: 18/18 MP: 2/2
   445 | D:3      | Noticed Jessica
   447 | D:3      | Reached XP level 3. HP: 18/22 MP: 3/3
   451 | D:3      | Killed Jessica
   452 | D:3      | Reached skill level 6 in Stealth
   482 | D:4      | Reached XP level 4. HP: 27/27 MP: 4/4
   526 | D:5      | Entered Level 5 of the Dungeon
   526 | D:5      | Noticed an ogre
   530 | D:5      | Killed an ogre
   531 | D:5      | Reached skill level 7 in Stealth
   531 | D:5      | Reached XP level 5. HP: 32/32 MP: 5/5
   568 | D:5      | Noticed a phantom
   933 | D:6      | Noticed an ogre
   957 | D:6      | Killed an ogre
   958 | D:6      | Reached XP level 6. HP: 38/38 MP: 6/6
  1017 | D:5      | Reached skill level 8 in Stealth
  1236 | D:6      | Reached skill level 5 in Short Blades
  1673 | D:7      | Reached XP level 7. HP: 43/43 MP: 7/7
  1758 | D:7      | Reached skill level 9 in Stealth
  1762 | D:7      | Reached skill level 1 in Transmutations
  2197 | D:7      | Noticed a troll
  2294 | D:7      | Killed a troll
  2295 | D:7      | Reached skill level 5 in Fighting
  2295 | D:7      | Reached XP level 8. HP: 44/49 MP: 8/8
  2553 | D:5      | Identified the +3 leather armour "Jaintus" {rC++ Will+}
  2590 | D:5      | HP: 2/49 [poisoned by an adder]
  2592 | D:5      | Slain by an adder

Illustrated notes

Levels and vault maps discovered:
D:1:      mrwooster_arrival_statue_3, layout_basic, kennysheep_pointless_box
D:2:      layout_basic, basic_altar, serial_bayou_ford_a,
          kennysheep_generic_room_5
D:3:      wad_lake_hut, layout_basic, grunt_temple_overflow_opulence,
          uniq_jessica
D:4:      layout_loops_ring, uniq_ijyb, uniq_edmund
D:5:      layout_cave_pools, marbit_many_paths, minmay_temple_entry_offerings,
          serial_bayou_pond_b
D:6:      layout_gridville, lemuel_tele_altar, hangedman_decor_opposing
D:7:      layout_loops_ring, minmay_gold_behind_fungi

Skill      XL: |  1  2  3  4  5  6  7  8 |
---------------+-------------------------+-----
Short Blades   | 3 4 5 6 7 |  7.0
Stealth        | 6 7 8 9 |  9.8
Fighting       | 3 4 5 |  5.2
Transmutations | 2 |  2.6
Throwing       | |  2.1
Dodging        | |  1.2

Action                     |  1- 3 |  4- 6 |  7- 9 || total
---------------------------+-------+-------+-------++-------
  Melee: Dagger            |    29 |    41 |    56 ||   126
         Punch             |       |       |     2 ||     2
  Throw: Dart              |    10 |       |       ||    10
   Stab: Sleeping          |     8 |     4 |     7 ||    19
         Distracted        |       |       |     1 ||     1
 Armour: Robe              |     2 |    11 |    14 ||    27
  Dodge: Dodged            |    10 |    54 |    76 ||   140

Table legend: (Time is in decaauts)
 A = Elapsed time spent in this place.
 B = Non-inter-level travel time spent in this place.
 C = Inter-level travel time spent in this place.
 D = Time resting spent in this place.
 E = Time spent auto-exploring this place.
 F = Levels seen in this place.
 G = Mean time per level.
                   A        B        C        D        E       F      G
               +--------+--------+--------+--------+--------+-----+--------+
         Total |   2569 |   2569 |      0 |    510 |     73 |   7 |  367.0 |
       Dungeon |   2569 |   2569 |      0 |    510 |     73 |   7 |  367.0 |
               +--------+--------+--------+--------+--------+-----+--------+

Top non-repeatable levels by time:
     D:7: 1226 daAuts
     D:6: 667 daAuts
     D:3: 222 daAuts
     D:2: 193 daAuts
     D:5: 152 daAuts
     D:4: 54 daAuts
     D:1: 52 daAuts
